 Dungeon Crawl Stone Soup version 0.30-a0-223-gcb0039aa0c (webtiles) character file.

Game seed: 15681337109539610458

11 greasedhog the Trooper (level 2, -11/19 HPs)
             Began as a Gargoyle Chaos Knight on Oct 9, 2022.
             Was a Plaything of Xom.
             Killed by an exploding bat (30 damage)
             ... ignited by their inner flame
             ... on level 1 of the Dungeon.
             The game lasted 00:00:39 (418 turns).

greasedhog the Trooper (Gargoyle Chaos Knight)       Turns: 418, Time: 00:00:40

Health: -11/19     AC:  8    Str: 15    XL:     2   Next: 25%
Magic:  2/2        EV: 11    Int: 12    God:    Xom [.*....]
Gold:   34         SH:  0    Dex:  9    Spells: 1/1 levels left

rFire   . . .      SeeInvis .    a - +0 mace (chaos)
rCold   . . .      Faith    .    (no shield)
rNeg    + . .      Spirit   .    b - +2 leather armour
rPois   ∞          Reflect  .    (no helmet)
rElec   +          Harm     .    (no cloak)
rCorr   .          Rampage  .    (no gloves)
Will    .....                    (no boots)
Stlth   +.........               (no amulet)
HPRegen 0.23/turn                (no ring)
MPRegen 0.08/turn                (no ring)

@: no status effects
A: sickness immunity, AC +2, negative energy resistance 1, electricity
resistance, torment resistance 1, petrification resistance
a: Renounce Religion


You were on level 1 of the Dungeon.
You worshipped Xom.
You were a plaything of Xom.
You visited 1 branch of the dungeon, and saw 1 of its levels.

You collected 34 gold pieces.

Inventory:

Hand Weapons
 a - a +0 mace of chaos (weapon)
Armour
 b - a +2 leather armour (worn)
Scrolls
 f - a scroll of identify {unknown}
 g - a scroll of acquirement {unknown}
Potions
 e - a potion of curing {unknown}
Miscellaneous
 c - a piece from Xom's chessboard (15/15) (quivered)


   Skills:
 * Level 3.5 Fighting
 * Level 3.2 Maces & Flails
 * Level 2.5 Armour
 - Level 0.7 Dodging


You had one spell level left.
You didn't know any spells.
Your spell library was empty.

Dungeon Overview and Level Annotations

Branches:
Dungeon (1/15)

Altars:


Innate Abilities, Weirdness & Mutations

You are immune to sickness and miasma.
Your stone body is resilient. (AC +2)
You are immune to poison.
You resist negative energy. (rN+)
You are resistant to electric shocks. (rElec)
You are resistant to unholy torment.
You are immune to petrification.


Message History

You now have 34 gold pieces (gained 10).
An endoplasm comes into view.
An endoplasm is nearby!
The endoplasm quivers.
The endoplasm freezes you.
You are frozen.
You hit the endoplasm. You freeze the endoplasm.
The endoplasm is almost dead.
The endoplasm freezes you.
You are frozen.
You sock the endoplasm! You burn the endoplasm.
You kill the endoplasm!
No target in view!
An endoplasm comes into view.
The endoplasm quivers.
The endoplasm hits you but does no damage.
You hit the endoplasm. You burn the endoplasm.
The endoplasm is almost dead.
The endoplasm freezes you.
You are frozen.
The endoplasm closely misses you.
You hit the endoplasm.
You kill the endoplasm!
No target in view!
No target in view!
Found 3 stones.
Found a ring mail.
g - a scroll labelled KAGICENKIA
Okay, then.
A bat comes into view.
You see here a +0 ring mail.
A bat is nearby!
As you read the scroll labelled SAGIHATZETAT, it crumbles to dust.
The creatures around you are filled with an inner flame!
It was a scroll of immolation.
You hit the bat but do no damage. Lightning courses through the bat!
The bat explodes!
The fiery explosion engulfs you!!
Ouch! That really hurt!
You die...
Xom chortles!

##### *****
#...####### **,,,**
#.(.......#
**,,,,,**
#...#####.#
*,,,,,..#######.##
#.#
*,,,,,.....§.@..#
#.#
****,,,,,..#########
#.#######
,,,,,,,,,,**
#........
******>,,,*
######### **,*,*
******** *****,*,*
*,,,,,,* *,,,,,*,*
*,****,* *,*****,*
*,* *,* *,* *,* *,*
*,***####


There were no monsters in sight!

Vanquished Creatures
  A bat (D:1)
  3 endoplasms (D:1)
  A kobold (D:1)
  2 quokkas (D:1)
  A goblin (D:1)
  A rat (D:1)
9 creatures vanquished.

Vanquished Creatures (collateral kills)
  A kobold (D:1)
1 creature vanquished.

Grand Total: 10 creatures vanquished

Notes
Turn   | Place    | Note
-------+----------+-------------------------------------------
     0 | D:1      | greasedhog the Gargoyle Chaos Knight began the quest for
                  | the Orb.
     0 | D:1      | Reached XP level 1. HP: 14/14 MP: 1/1
   117 | D:1      | XOM: potion effect (might)
   276 | D:1      | XOM: cast spell 'Discord'
   281 | D:1      | Reached XP level 2. HP: 18/19 MP: 2/2
   418 | D:1      | Killed by an exploding bat... ignited by their inner flame

Illustrated notes

Levels and vault maps discovered:
D:1:      dpeg_arrival_long_road, layout_loops_ring

Action                   || total
-------------------------++-------
Melee: Mace              ||    18
  Use: Scroll            ||     2
Armor: Leather armour    ||     7
Dodge: Dodged            ||     6

Table legend: (Time is in decaauts)
 A = Elapsed time spent in this place.
 B = Non-inter-level travel time spent in this place.
 C = Inter-level travel time spent in this place.
 D = Time resting spent in this place.
 E = Time spent auto-exploring this place.
 F = Levels seen in this place.
 G = Mean time per level.
                   A        B        C        D        E       F      G
               +--------+--------+--------+--------+--------+-----+--------+
         Total |    422 |    422 |      0 |      0 |    350 |   1 |  422.0 |
       Dungeon |    422 |    422 |      0 |      0 |    350 |   1 |  422.0 |
               +--------+--------+--------+--------+--------+-----+--------+

Top non-repeatable levels by time:
     D:1: 422 daAuts
